XFBL
MILWAUKEE BREWERS @ CALIFORNIA ANGELS
08/23/1982
 
TOP OF THE 1ST
Milwaukee Brewers batting - Pitching for California Angels : LHP Ray Fontenot
Pitching: LHP Ray Fontenot
Batting: RHB Steve Sax 0-0: Ball
1-0: SINGLE (Groundball, 56D, EV 102.5 MPH)
Batting: LHB Von Hayes 0-0: Ball
1-0: Called Strike
1-1: Sac Bunt to P - play at first, batter OUT! 1-3
Steve Sax to second
Batting: RHB Eric Davis 0-0: Called Strike
0-1: Called Strike
0-2: Ball
1-2: Strikes out swinging, 2-3 out at first.
Batting: SHB Eddie Murray 0-0: Swinging Strike
0-1: Ground out 1-3 (Groundball, 13, EV 71.9 MPH)
Top of the 1st over - 0 runs, 1 hit, 0 errors, 1 left on base; Milwaukee 0 - California 0
BOTTOM OF THE 1ST
California Angels batting - Pitching for Milwaukee Brewers : RHP Luis Lopez
Pitching: RHP Luis Lopez
Batting: RHB Carlos Pimentel 0-0: Ball
1-0: Ground out 4-3 (Groundball, 4MS, EV 83.8 MPH)
Batting: RHB Frank White 0-0: Ground out 6-3 (Groundball, 6, EV 103.8 MPH)
Batting: SHB Jon Hernandez 0-0: Called Strike
0-1: Swinging Strike
0-2: Ball
1-2: SINGLE (Groundball, 34D, EV 100.6 MPH)
Batting: LHB Jason D Thompson 0-0: Ball
1-0: Ball
2-0: Swinging Strike
2-1: SINGLE (Groundball, 3D, EV 104.4 MPH)
Jon Hernandez to second
Runner from 2nd tries for 3rd, SAFE, no throw by RF
Batting: RHB Charlie Moore 0-0: Ball
1-0: Ground out 1-3 (Groundball, 13S, EV 75.0 MPH)
Bottom of the 1st over - 0 runs, 2 hits, 0 errors, 2 left on base; Milwaukee 0 - California 0
TOP OF THE 2ND
Milwaukee Brewers batting - Pitching for California Angels : LHP Ray Fontenot
Batting: RHB Mike Schmidt 0-0: Called Strike
0-1: Foul Ball, location: 2F
0-2: Ball
1-2: Strikes out looking
Batting: RHB Glenn Davis 0-0: Called Strike
0-1: SINGLE (Line Drive, 9S, EV 93.1 MPH)
Batting: RHB Kevin Buckley 0-0: Fly out, F9 (Flyball, 9LM, EV 84.4 MPH)
Batting: RHB Ken Landreaux 0-0: Foul Ball, location: 2F
0-1: Ball
1-1: Foul Ball, location: 2F
1-2: Ball
2-2: Strikes out looking
Top of the 2nd over - 0 runs, 1 hit, 0 errors, 1 left on base; Milwaukee 0 - California 0
BOTTOM OF THE 2ND
California Angels batting - Pitching for Milwaukee Brewers : RHP Luis Lopez
Batting: LHB Brian Rosinski 0-0: Ball
1-0: Foul Ball, location: 2F
1-1: Called Strike
1-2: Ball
2-2: Foul Ball, location: 2F
2-2: Ball
3-2: Fly out, F4 (Popup, 13S, EV 80.0 MPH)
Batting: LHB John Milner 0-0: Foul Ball, location: 2F
0-1: Ground out 4-3 (Groundball, 4S, EV 71.3 MPH)
Batting: SHB Manny Castillo 0-0: Ball
1-0: Ball
2-0: Called Strike
2-1: SINGLE (Groundball, 3D, EV 98.1 MPH)
Batting: RHB Rafael Ramirez 0-0: Foul Ball, location: 2F
0-1: Ball
1-1: Fly out, F7 (Flyball, 7LS, EV 93.8 MPH)
Bottom of the 2nd over - 0 runs, 1 hit, 0 errors, 1 left on base; Milwaukee 0 - California 0
TOP OF THE 3RD
Milwaukee Brewers batting - Pitching for California Angels : LHP Ray Fontenot
Batting: SHB Alfredo Griffin 0-0: Ball
1-0: Called Strike
1-1: Foul Ball, location: 2F
1-2: Ground out 6-3 (Groundball, 56D, EV 108.1 MPH)
Batting: RHB Steve Sax 0-0: Foul Ball, location: 2F
0-1: Ball
1-1: DOUBLE (Line Drive, 9LD, EV 101.9 MPH)
Batting: LHB Von Hayes 0-0: Ball
1-0: Called Strike
1-1: Swinging Strike
1-2: Strikes out looking
Batting: RHB Eric Davis 0-0: Called Strike
0-1: SINGLE (Groundball, 6MD, EV 108.8 MPH)
Steve Sax to third
Runner from 3rd tries for Home, SAFE, throw by CF to home
Batting: SHB Eddie Murray 0-0: Ball
1-0: Ball
Wild Pitch!
Eric Davis to second
2-0: Ground out 5-3 (Groundball, 56D, EV 98.1 MPH)
Top of the 3rd over - 1 run, 2 hits, 0 errors, 1 left on base; Milwaukee 1 - California 0
BOTTOM OF THE 3RD
California Angels batting - Pitching for Milwaukee Brewers : RHP Luis Lopez
Now at 2B: Pat Tabler
Batting: RHB Carlos Pimentel 0-0: Ball
1-0: Foul Ball, location: 2F
1-1: Ball
2-1: Foul Ball, location: 2F
2-2: Strikes out swinging
Batting: RHB Frank White 0-0: Ball
1-0: SINGLE (Flyball, 4D, EV 89.4 MPH)
Batting: SHB Jon Hernandez 0-0: Ball
1-0: Grounds into double play, 6-4-3 (Groundball, 6, EV 88.8 MPH)
Bottom of the 3rd over - 0 runs, 1 hit, 0 errors, 0 left on base; Milwaukee 1 - California 0
TOP OF THE 4TH
Milwaukee Brewers batting - Pitching for California Angels : LHP Ray Fontenot
Batting: RHB Mike Schmidt 0-0: Ball
1-0: Ball
2-0: Called Strike
2-1: Swinging Strike
2-2: Strikes out looking
Batting: RHB Glenn Davis 0-0: Ball
1-0: Ball
2-0: Ball
3-0: Base on Balls
Batting: RHB Kevin Buckley 0-0: Called Strike
0-1: Foul Ball, location: 2F
0-2: Fielders Choice at 2nd, 6-4 (Groundball, 6D, EV 95.6 MPH)
Batting: RHB Ken Landreaux 0-0: Ball
1-0: Called Strike
1-1: Foul Ball, location: 2F
1-2: Strikes out swinging
Top of the 4th over - 0 runs, 0 hits, 0 errors, 1 left on base; Milwaukee 1 - California 0
BOTTOM OF THE 4TH
California Angels batting - Pitching for Milwaukee Brewers : RHP Luis Lopez
Batting: LHB Jason D Thompson 0-0: Ball
1-0: Ball
2-0: Foul Ball, location: 2F
2-1: Ball
3-1: Base on Balls
Batting: RHB Charlie Moore 0-0: Ball
1-0: Called Strike
1-1: Foul Ball, location: 2F
1-2: Ball
2-2: Strikes out looking
Batting: LHB Brian Rosinski 0-0: SINGLE (Line Drive, 7LS, EV 104.4 MPH)
Jason D Thompson to second
Batting: LHB John Milner 0-0: Ball
1-0: Called Strike
1-1: Ball
2-1: DOUBLE (Line Drive, 9LD, EV 110.0 MPH)
Jason D Thompson scores
Brian Rosinski to third
Runner from 3rd tries for Home, SAFE, no throw by RF
Batting: SHB Manny Castillo 0-0: Ball
1-0: Ball
2-0: Ball
3-0: Base on Balls
Batting: RHB Rafael Ramirez 0-0: Called Strike
0-1: Called Strike
0-2: Strikes out swinging
Batting: RHB Carlos Pimentel 0-0: Called Strike
0-1: Swinging Strike
0-2: Ball
1-2: Strikes out swinging
Bottom of the 4th over - 2 runs, 2 hits, 0 errors, 2 left on base; Milwaukee 1 - California 2
TOP OF THE 5TH
Milwaukee Brewers batting - Pitching for California Angels : LHP Ray Fontenot
Batting: SHB Alfredo Griffin 0-0: Called Strike
0-1: Ball
1-1: Foul Ball, location: 2F
1-2: SINGLE (Groundball, 4MD, EV 94.4 MPH)
Batting: RHB Pat Tabler 0-0: Foul Ball, location: 2F
0-1: Ball
1-1: Ball
2-1: Ball
3-1: Foul Ball, location: 2F
3-2: Strikes out looking
Batting: LHB Von Hayes 0-0: Ball
1-0: Foul Ball, location: 2F
1-1: Ball
2-1: Swinging Strike
2-2: Strikes out swinging
Batting: RHB Eric Davis 0-0: Ball
1-0: Ball
2-0: Ball
3-0: Called Strike
3-1: Fly out, F7 (Flyball, 7LM, EV 82.5 MPH)
Top of the 5th over - 0 runs, 1 hit, 0 errors, 1 left on base; Milwaukee 1 - California 2
BOTTOM OF THE 5TH
California Angels batting - Pitching for Milwaukee Brewers : RHP Luis Lopez
Batting: RHB Frank White 0-0: Ball
1-0: Ball
2-0: Swinging Strike
2-1: Foul Ball, location: 2F
2-2: Foul Ball, location: 2F
2-2: Foul Ball, location: 2F
2-2: Ball
3-2: Ground out 3-1 (Groundball, 34, EV 86.3 MPH)
Batting: SHB Jon Hernandez 0-0: Ball
1-0: Called Strike
1-1: Fly out, F8 (Line Drive, 8RD, EV 93.8 MPH)
Batting: LHB Jason D Thompson 0-0: Ball
1-0: Foul Ball, location: 2F
1-1: Foul Ball, location: 2F
1-2: Ball
2-2: Ground out 6-3 (Groundball, 56, EV 88.1 MPH)
Bottom of the 5th over - 0 runs, 0 hits, 0 errors, 0 left on base; Milwaukee 1 - California 2
TOP OF THE 6TH
Milwaukee Brewers batting - Pitching for California Angels : LHP Ray Fontenot
Batting: SHB Eddie Murray 0-0: Ball
1-0: Ground out 6-3 (Groundball, 56, EV 83.8 MPH)
Batting: RHB Mike Schmidt 0-0: Called Strike
0-1: Ball
1-1: Ball
2-1: Foul Ball, location: 2F
2-2: Ball
3-2: Base on Balls
Batting: RHB Glenn Davis 0-0: Foul Ball, location: 2F
0-1: Foul Ball, location: 2F
0-2: Grounds into double play, 6-4-3 (Groundball, 6, EV 79.4 MPH)
Top of the 6th over - 0 runs, 0 hits, 0 errors, 0 left on base; Milwaukee 1 - California 2
BOTTOM OF THE 6TH
California Angels batting - Pitching for Milwaukee Brewers : RHP Luis Lopez
Batting: RHB Charlie Moore 0-0: Ball
1-0: Called Strike
1-1: Ball
2-1: Fly out, F8 (Line Drive, 8LM, EV 109.4 MPH)
Batting: LHB Brian Rosinski 0-0: Called Strike
0-1: Fly out, F3 (Popup, 34, EV 72.5 MPH)
Batting: LHB John Milner 0-0: Ball
1-0: Fly out, F8 (Flyball, 8RD, EV 98.1 MPH)
Bottom of the 6th over - 0 runs, 0 hits, 0 errors, 0 left on base; Milwaukee 1 - California 2
TOP OF THE 7TH
Milwaukee Brewers batting - Pitching for California Angels : LHP Ray Fontenot
Batting: RHB Kevin Buckley 0-0: Fly out, F4 (Line Drive, 4, EV 61.3 MPH)
Batting: RHB Ken Landreaux 0-0: Fly out, F8 (Flyball, 8RD, EV 96.9 MPH)
Batting: SHB Alfredo Griffin 0-0: Ball
1-0: Ball
2-0: Ground out 4-3 (Groundball, 4M, EV 80.0 MPH)
Top of the 7th over - 0 runs, 0 hits, 0 errors, 0 left on base; Milwaukee 1 - California 2
BOTTOM OF THE 7TH
California Angels batting - Pitching for Milwaukee Brewers : RHP Luis Lopez
Batting: SHB Manny Castillo 0-0: Ground out 6-3 (Groundball, 6, EV 106.9 MPH)
Batting: RHB Rafael Ramirez 0-0: Ground out 5-3 (Groundball, 56, EV 98.8 MPH)
Batting: RHB Carlos Pimentel 0-0: Ball
1-0: Ball
2-0: Ball
3-0: Called Strike
3-1: Ground out 6-3 (Groundball, 6, EV 76.9 MPH)
Bottom of the 7th over - 0 runs, 0 hits, 0 errors, 0 left on base; Milwaukee 1 - California 2
TOP OF THE 8TH
Milwaukee Brewers batting - Pitching for California Angels : LHP Ray Fontenot
Pitching: RHP Jerry Reed
Batting: RHB Pat Tabler 0-0: Called Strike
0-1: Ball
1-1: Ball
2-1: Ball
3-1: Called Strike
3-2: Foul Ball, location: 2F
3-2: SINGLE (Groundball, 4MD, EV 96.9 MPH)
Batting: LHB Von Hayes 0-0: Foul Ball, location: 2F
0-1: Ball
1-1: Ball
2-1: DOUBLE (Line Drive, 78M, EV 106.9 MPH)
Pat Tabler to third
Runner from 3rd tries for Home, SAFE, no throw by LF
Batting: RHB Eric Davis 0-0: Intentional Walk
Batting: SHB Eddie Murray 0-0: Called Strike
0-1: Called Strike
0-2: Ball
1-2: Fly out, F8 (Line Drive, 8LD, EV 88.8 MPH)
Batting: RHB Mike Schmidt 0-0: Foul Ball, location: 2F
0-1: Ball
Von Hayes steals 3rd base
1-1: Ball
2-1: Foul Ball, location: 2F
2-2: Ball
3-2: SINGLE (Line Drive, 7S, EV 96.9 MPH)
Von Hayes scores
Eric Davis to second
Eric Davis to third
Batting: RHB Glenn Davis 0-0: Called Strike
0-1: Ball
1-1: Swinging Strike
1-2: Strikes out swinging
Batting: RHB Kevin Buckley 0-0: Called Strike
0-1: Ball
1-1: Called Strike
1-2: Foul Ball, location: 2F
1-2: Foul Ball, location: 2F
1-2: Foul Ball, location: 2F
1-2: Strikes out looking
Top of the 8th over - 2 runs, 3 hits, 0 errors, 2 left on base; Milwaukee 3 - California 2
BOTTOM OF THE 8TH
California Angels batting - Pitching for Milwaukee Brewers : RHP Luis Lopez
Batting: RHB Frank White 0-0: Foul Ball, location: 2F
0-1: Fly out, F8 (Flyball, 8RM, EV 89.4 MPH)
Batting: SHB Jon Hernandez 0-0: Ball
1-0: Foul Ball, location: 2F
1-1: Ground out 4-3 (Groundball, 4, EV 85.0 MPH)
Batting: LHB Jason D Thompson 0-0: Ball
1-0: Swinging Strike
1-1: Called Strike
1-2: Strikes out swinging, 2-3 out at first.
Bottom of the 8th over - 0 runs, 0 hits, 0 errors, 0 left on base; Milwaukee 3 - California 2
TOP OF THE 9TH
Milwaukee Brewers batting - Pitching for California Angels : RHP Jerry Reed
Batting: RHB Ken Landreaux 0-0: Fly out, F8 (Flyball, 8RXD, EV 102.5 MPH)
Batting: SHB Alfredo Griffin 0-0: Called Strike
0-1: Swinging Strike
0-2: Ball
1-2: Strikes out swinging
Pitching: RHP Dennis Lamp
Batting: RHB Pat Tabler 0-0: SINGLE (Line Drive, 4D, EV 94.4 MPH)
Batting: LHB Von Hayes 0-0: Called Strike
0-1: Ball
1-1: Swinging Strike
1-2: Ball
2-2: Fielders Choice at 2nd, 6-4 (Groundball, 6, EV 92.5 MPH)
Top of the 9th over - 0 runs, 1 hit, 0 errors, 1 left on base; Milwaukee 3 - California 2
BOTTOM OF THE 9TH
California Angels batting - Pitching for Milwaukee Brewers : RHP Luis Lopez
Now in LF: Ricky Jacquez
Batting: RHB Charlie Moore 0-0: Ball
1-0: Called Strike
1-1: Ball
2-1: Ground out 5-3 (Groundball, 56, EV 102.5 MPH)
Batting: LHB Brian Rosinski 0-0: Ball
1-0: Ball
2-0: Ball
3-0: Base on Balls
Batting: LHB John Milner 0-0: Ball
1-0: Reached on error, E4 (Groundball, 4M, EV 103.1 MPH)
Brian Rosinski to second
Batting: SHB Manny Castillo 0-0: Swinging Strike
0-1: Called Strike
0-2: Ball
1-2: Foul Ball, location: 2F
1-2: Ground out 3-1 (Groundball, 34, EV 85.6 MPH)
Brian Rosinski to third
John Milner to second
Pitching: RHP Andy Messersmith
Pinch Hitting: LHB Ralph Garr 0-0: Ball
1-0: Called Strike
1-1: SINGLE (Groundball, 34S, EV 63.8 MPH) (infield hit)
Brian Rosinski scores
John Milner to third
Batting: RHB Carlos Pimentel 0-0: Ball
1-0: Ball
2-0: Ball
3-0: Called Strike
3-1: Foul Ball, location: 2F
3-2: Foul Ball, location: 2F
3-2: Ground out 5-3 (Groundball, 56, EV 103.1 MPH)
Bottom of the 9th over - 1 run, 1 hit, 1 error, 2 left on base; Milwaukee 3 - California 3
TOP OF THE 10TH
Milwaukee Brewers batting - Pitching for California Angels : RHP Dennis Lamp
Now at SS: Jeff Atherton
Batting: RHB Eric Davis 0-0: Ball
1-0: Called Strike
1-1: Fly out, F3 (Line Drive, 3, EV 66.9 MPH)
Batting: SHB Eddie Murray 0-0: Ball
1-0: Ball
2-0: Called Strike
2-1: Swinging Strike
2-2: Ball
3-2: Fly out, F8 (Flyball, 89M, EV 86.9 MPH)
Batting: RHB Mike Schmidt 0-0: Swinging Strike
0-1: Called Strike
0-2: Foul Ball, location: 2F
0-2: Ball
1-2: Foul Ball, location: 2F
1-2: SOLO HOME RUN (Line Drive, 78XD, EV 98.8 MPH), Distance : 403 ft
Batting: RHB Glenn Davis 0-0: Foul Ball, location: 2F
0-1: Ball
1-1: Fly out, F7 (Line Drive, 7, EV 98.1 MPH)
Top of the 10th over - 1 run, 1 hit, 0 errors, 0 left on base; Milwaukee 4 - California 3
BOTTOM OF THE 10TH
California Angels batting - Pitching for Milwaukee Brewers : RHP Andy Messersmith
Batting: RHB Frank White 0-0: Called Strike
0-1: Ball
1-1: Called Strike
1-2: SINGLE (Line Drive, 78S, EV 97.5 MPH)
Batting: SHB Jon Hernandez 0-0: Ball
1-0: Ball
2-0: Fly out, F7 (Flyball, 78S, EV 78.1 MPH)
Batting: LHB Jason D Thompson 0-0: Ball
1-0: Called Strike
1-1: Ball
2-1: Ball
3-1: Base on Balls
Frank White to second
Batting: RHB Charlie Moore 0-0: Ball
1-0: Ball
2-0: Ball
3-0: Base on Balls
Frank White to third
Jason D Thompson to second
Batting: LHB Brian Rosinski 0-0: Foul Ball, location: 2F
0-1: Ball
1-1: Foul Ball, location: 2F
1-2: Grounds into fielders choice 3-2 (Groundball, 3S, EV 65.0 MPH)
Jason D Thompson to third
Charlie Moore to second
Batting: LHB John Milner 0-0: Swinging Strike
0-1: Ball
1-1: Fielders Choice at 2nd, 6-4 (Groundball, 6, EV 105.6 MPH)
Bottom of the 10th over - 0 runs, 1 hit, 0 errors, 3 left on base; Milwaukee 4 - California 3
Wednesday, August 26th, 2020 - OOTP Baseball 21.5 Build 76